 Dungeon Crawl Stone Soup version 0.30-a0-883-g5ad918d77d (webtiles) character file.

Game seed: 828776567903462528

285686 BlueFish the Imperceptible (level 20, -1/129 (148) HPs)
             Began as a Vampire Enchanter on Mar 15, 2023.
             Was the Champion of Dithmenos.
             Killed from afar by a lich (35 damage)
             ... with a bolt of cold
             ... on level 2 of the Abyss on Mar 16, 2023.
             The game lasted 03:01:45 (41654 turns).

BlueFish the Imperceptible (Vampire Enchanter)     Turns: 41654, Time: 03:01:45

HP:   -1/129 (148)  AC: 18    Str: 12    XL:     20   Next: 17%
MP:   34/34         EV: 27    Int: 17    God:    Dithmenos [******]
Gold: 668           SH:  0    Dex: 31    Spells: 4/39 levels left

rFire   + + .      SeeInvis +    w - +2 quick blade (elec)
rCold   . . .      Faith    .    (no shield)
rNeg    + . .      Spirit   .    L - +0 steam dragon scales
rPois   .          Reflect  .    Z - +5 helmet of Dogmatism {Str+2}
rElec   .          Rampage  .    V - +0 cloak "Jopirr" {rF+ Regen+ Dex+3}
rCorr   .                        Y - +0 pair of gloves {Stlth+}
Will    ++...                    v - +1 pair of boots Stlth *********+
                                 d - amulet of magic regeneration
HPRegen 0.00/turn                K - ring of flight
MPRegen 0.64/turn                t - ring "Zieraygo" {rF+ rN+ Str+3 Dex+4}

@: sick, flying, slowed, wreathed by umbra, studying Long Blades, heavily
drained, very slow
A: alive, fangs 3, see invisible, vampiric 2
}: 1/15 runes: gossamer
a: Exsanguinate, Renounce Religion, Shadow Step, Shadow Form


You were on level 2 of the Abyss.
You worshipped Dithmenos.
Dithmenos was exalted by your worship.
You visited 7 branches of the dungeon, and saw 35 of its levels.
You visited the Abyss 1 time.
You also visited: Gauntlet and Ice Cave.

You collected 3504 gold pieces.
You spent 2836 gold pieces at shops.

Inventory:

Hand Weapons
 w - a +2 quick blade of electrocution (weapon)
 B - the +5 dagger of the Hills {pain, Drain rElec rN+ Str+2}
   (You found it on level 4 of the Dungeon)

   Str:       It affects your strength (+2).
   rElec:     It insulates you from electricity.
   rN:        It protects you from negative energy.
   Drain:     It drains your maximum health when unequipped.
 O - a +3 heavy dagger
Missiles
 i - 6 silver boomerangs
 o - 54 poisoned darts (quivered)
 T - 4 throwing nets
 X - 13 silver javelins
Armour
 q - a scarf of resistance
 v - a +1 pair of boots (worn)
 L - +0 steam dragon scales (worn)
 V - the +0 cloak "Jopirr" (worn) {rF+ Regen+ Dex+3}
   (You found it in a Gauntlet)

   Dex:       It affects your dexterity (+3).
   rF:        It protects you from fire.
   Regen:     It increases your rate of health regeneration.
 Y - a +0 pair of gloves of stealth (worn)
 Z - the +5 helmet of Dogmatism (worn) {Str+2}
   (You found it on level 5 of the Lair of Beasts)

   Str:       It affects your strength (+2).
Jewellery
 d - an amulet of magic regeneration (around neck)
 g - a +6 ring of strength
 k - the ring "Wymolothry" {rC+ EV+5 Str+3}
   (You found it in an ice cave)

   [ring of evasion]

   EV:        It affects your evasion (+5).
   Str:       It affects your strength (+3).
   rC:        It protects you from cold.
 t - the ring "Zieraygo" (right hand) {rF+ rN+ Str+3 Dex+4}
   (You found it in an ice cave)

   [ring of positive energy]

   Str:       It affects your strength (+3).
   Dex:       It affects your dexterity (+4).
   rF:        It protects you from fire.
   rN:        It protects you from negative energy.
 A - the ring "Ecamann" {rElec rC+++ Will- AC+4 SInv}
   (You found it in an ice cave)

   [ring of protection]

   AC:        It affects your AC (+4).
   rC:        It renders you almost immune to cold.
   rElec:     It insulates you from electricity.
   SInv:      It lets you see invisible.
   Will:      It decreases your willpower.
 G - a ring of protection from fire
 K - a ring of flight (left hand)
Wands
 I - a wand of flame (90)
 Q - a wand of acid (14)
 R - a wand of roots (27)
 S - a wand of mindburst (30)
 U - a wand of digging (9)
 W - a wand of charming (9)
Scrolls
 e - 10 scrolls of teleportation
 f - 6 scrolls of vulnerability
 h - 8 scrolls of immolation
 j - 13 scrolls of identify
 l - 3 scrolls of torment
 m - 7 scrolls of fog
 r - 3 scrolls of blinking
 s - 6 scrolls of magic mapping
 u - 6 scrolls of amnesia
 x - 2 scrolls of fear
 y - 4 scrolls of enchant armour
 C - 8 scrolls of poison
 F - 4 scrolls of butterflies
Potions
 a - 8 potions of ambrosia
 b - 9 potions of might
 c - 3 potions of invisibility
 n - 10 potions of brilliance
 z - 12 potions of mutation
 D - 6 potions of attraction
 E - 21 potions of curing
 H - 2 potions of magic
 J - 7 potions of haste
 M - a potion of cancellation
 P - a potion of resistance
Miscellaneous
 p - a condenser vane
 N - a box of beasts


   Skills:
 + Level 10.4 Fighting
 + Level 14.0 Short Blades
 + Level 9.6 Armour
 - Level 13.0 Dodging
 + Level 22.7 Stealth
 + Level 10.0 Spellcasting
 + Level 19.2 Hexes
 + Level 13.1 Necromancy
 + Level 10.9 Invocations
 + Level 11.0 Evocations


You had 4 spell levels left.
You knew the following spells:

 Your Spells              Type           Power      Damage    Failure   Level
a - Ensorcelled Hibernat  Hex/Ice        82%        N/A       1%          2
b - Confusing Touch       Hex            65%        N/A       0%          3
c - Tukima's Dance        Hex            65%        N/A       0%          3
d - Dazzling Flash        Conj/Hex       82%        N/A       1%          3
e - Summon Guardian Gole  Hex/Summ       41%        N/A       1%          3
f - Vampiric Draining     Necr           52%        2d9       1%          3
g - Agony                 Necr           52%        N/A       1%          5
h - Slow                  Hex            100%       N/A       0%          1
i - Anguish               Hex/Necr       29%        N/A       1%          4
j - Dispel Undead         Necr           52%        3d19      1%          4
k - Cause Fear            Hex            32%        N/A       1%          4

Your spell library contained the following spells:

 Spells                   Type           Power      Damage    Failure   Level
 Kiss of Death            Conj/Necr      100%       2d13      1%          1
 Necrotise                Necr           100%       1d9       1%          1
 Sublimation of Blood     Necr           52%        N/A       1%          2
 Inner Flame              Hex/Fire       41%        N/A       1%          3
 Animate Dead             Necr           52%        N/A       1%          4
 Apportation              Tloc           16%        N/A       9%          1
 Freeze                   Ice            32%        1d5       9%          1
 Magic Dart               Conj           32%        1d4       9%          1
 Sting                    Tmut/Pois      32%        1d4       9%          1
 Summon Small Mammal      Summ           32%        N/A       9%          1
 Call Imp                 Summ           8%         N/A       13%         2
 Poisonous Vapours        Pois/Air       16%        N/A       13%         2
 Static Discharge         Conj/Air       16%        2-3/arc   13%         2
 Frozen Ramparts          Ice            16%        1d3       26%         3
 Hailstorm                Conj/Ice       8%         3d4       26%         3
 Mephitic Cloud           Conj/Pois/Air  8%         N/A       26%         3
 Spider Form              Tmut/Pois      8%         N/A       26%         3
 Stone Arrow              Conj/Erth      16%        3d8       26%         3
 Vhi's Electric Charge    Tloc/Air       16%        N/A       26%         3
 Animate Armour           Summ/Erth      16%        N/A       63%         4
 Iskenderun's Mystic Bla  Conj/Tloc      8%         2d4       63%         4
 Olgreb's Toxic Radiance  Pois           8%         N/A       63%         4
 Petrify                  Tmut/Erth      8%         N/A       63%         4
 Summon Ice Beast         Ice/Summ       8%         N/A       63%         4
 Summon Mana Viper        Hex/Summ       41%        N/A       4%          5
 Discord                  Hex            32%        N/A       21%         8
 Arcjolt                  Conj/Air       4%         1d14      93%         5
 Irradiate                Conj/Tmut      4%         3d13      93%         5
 Lightning Bolt           Conj/Air       4%         1d15      93%         5
 Summon Forest            Summ/Tloc      4%         N/A       93%         5
 Infestation              Necr           26%        N/A       95%         8
 Haunt                    Necr/Summ      15%        N/A       99%         7
 Eringya's Noxious Bog    Tmut/Pois      4%         N/A       100%        6
 Starburst                Conj/Fire      4%         6d3       100%        6
 Monstrous Menagerie      Summ           4%         N/A       100%        7
 Orb of Destruction       Conj           4%         9d5       100%        7
 Spellforged Servitor     Conj/Summ      4%         N/A       100%        7
 Summon Hydra             Summ           4%         N/A       100%        7
 Lehudib's Crystal Spear  Conj/Erth      4%         10d3      100%        8
 Fire Storm               Conj/Fire      4%         8d1       100%        9


Dungeon Overview and Level Annotations

Branches:
Dungeon (15/15)            Temple (1/1) D:5            Lair (5/5) D:11
 Shoals (4/4) Lair:2       Spider (4/4) Lair:2        Slime (0/5) Lair:4
    Orc (2/2) D:9             Elf (0/3) Orc:2        Vaults (4/5) D:13
  Crypt (0/3) Vaults:3     Depths (0/4) D:15          IceCv (visited)
Gauntlet (visited)

Altars:
Ashenzari
Cheibriados
Dithmenos
Fedhas
Gozag
Hepliaklqana
Kikubaaqudgha
Makhleb
Nemelex Xobeh
Okawaru
Qazlal
Ru
Sif Muna
Trog
Uskayaw
Vehumet
Wu Jian
Xom
Yredelemnul
Jiyva
Lugonu

Shops:
D:4 *   D:15 ([=*   Orc:2 (?[:   Shoals:1 *   Vaults:3 :*

Portals:
Abyss: Lair:5
Trove: D:13 (give 18 potions of curing)

Annotations:
D:11 3 runed translucent doors, Palms's ghost, journeyman OgFE
Lair:2 exclusion: 4 oklob plants
Lair:4 1 runed translucent door
Shoals:2 Mlioglotl
Shoals:4 Ilsuiw
Spider:2 1 runed translucent door, HilariousDeathArtist's ghost, adept TrEE
Spider:3 exclusion: 2 ice statues
Vaults:3 3 runed translucent doors, exclusion: obsidian statue, Iluymox's ghost, adept KoBr


Innate Abilities, Weirdness & Mutations

Your natural rate of healing is accelerated.
You have razor-sharp teeth.
You have supernaturally acute eyesight. (SInv)
You are afflicted with vampirism and can become a bat while bloodless.


Message History

You hit the ancient zyme.
You destroy the ancient zyme!
Dithmenos accepts your kill.
A large abomination comes into view.
A lich comes into view.
You start resting.
A large abomination is nearby!
A large abomination appears in a shower of translocational energy.
A large abomination is nearby!
A large abomination is nearby!
Casting: Dispel Undead (safe; 1% risk of failure)
Confirm with . or Enter, or press ? or * to list all spells.
Your hands begin to glow red.
You hit the large abomination but do no damage.
Your shadow hits the large abomination but does no damage.
The large abomination barely misses you.
You hit the large abomination but do no damage.
The large abomination appears confused.
You strike the helpless large abomination from behind!
You perforate the large abomination like a sieve!!!!
You destroy the large abomination!
Dithmenos accepts your kill.
A large abomination is nearby!
A large abomination is nearby!
A rakshasa is nearby!
The lich conjures an orb of pure magic.
You hear a shout!
An orb of destruction comes into view.
The lich casts a spell at you.
You feel yourself slow down. The orb of destruction hits you!!!
An ufetubus comes into view.
The lich barely misses you. The lich touches you!
* * * LOW HITPOINT WARNING * * *
The ufetubus completely misses you. The ufetubus barely misses you.
The lich gestures at you while chanting.
The bolt of cold hits the ufetubus!!
The ufetubus resists.
The ufetubus dies!
The bolt of cold hits you!!
You die...

# # # ## ..
.. . ..##..
# #.##.# .
#.# .# #
#.##.## # .
#.# ..# # .
##.##.##....
#..@°L......
#
##.##X#####.
####.# ..
.#. ..#. ...
.. #. .#


You could see a lich and a large abomination.

Vanquished Creatures
  An ancient lich (Abyss:2)
  A golden dragon (IceCv)
  Rupert (Lair:4)
  A lich (Vaults:3)
  Gastronok (Lair:2)
  Agnes (Spider:2)
  Kirke (D:12)
  Frances (Shoals:1)
  A revenant (Vaults:3)
  A fire giant (Vaults:3)
  Aizul (Vaults:3)
  3 ghost moths (Spider:4)
  8 vault wardens
  2 deep elf sorcerers (Vaults:4)
  An iron dragon (Vaults:4)
  6 emperor scorpions (Spider:4)
  3 very ugly things
  2 orc warlords
  2 broodmothers
  A stone giant (D:15)
  13 ironbound preservers
  3 war gargoyles (Vaults:3)
  4 ironbound thunderhulks
  A deep elf demonologist (Vaults:2)
  Nessos (Lair:5)
  A minotaur (Gauntlet)
  Azrael (Spider:2)
  A dire elephant (Vaults:3)
  7 merfolk impalers
  A spark wasp (Spider:2)
  An ettin (Vaults:4)
  5 yaktaur captains
  3 entropy weavers
  Josephine (D:11)
  5 ice dragons (IceCv)
  2 catoblepae
  3 great orbs of eyes
  9 hydras
  4 radroaches
  5 ironbound frosthearts
  6 vault guards (Vaults:4)
  2 peacekeepers (Vaults:3)
  2 ogre magi
  3 jorogumos
  12 centaur warriors
  A merfolk avatar (Shoals:2)
  5 merfolk aquamancers
  15 boulder beetles
  9 two-headed ogres
  7 death yaks
  4 alligators (Shoals:3)
  A satyr (Shoals:2)
  3 tengu warriors
  A vampire mage (Abyss:2)
  4 thrashing horrors
  Sonja (Lair:2)
  A soul eater (D:11)
  Nergalle (Lair:2)
  6 skysharks
  6 skeletal warriors
  A goliath frog (shapeshifter) (Lair:5)
  5 pharaoh ants
  7 sea snakes
  2 sun moths
  3 goliath frogs (Shoals:3)
  An orange crystal statue (IceCv)
  11 orb spiders
  Pikel (D:7)
  A glowing orange brain (Vaults:3)
  43 slime creatures
  37 deep trolls
  A phantasmal warrior (Vaults:3)
  6 wizards
  11 lindwurms
  5 spectral wolf spiders (Spider:3)
  10 steelbarb worms
  2 orc knights (Vaults:3)
  2 wolf spider zombies (Spider:3)
  11 ironbound convokers
  21 ugly things
  A deep elf pyromancer (D:14)
  7 large abominations
  23 wolf spiders
  A harpy (shapeshifter) (D:9)
  9 cyclopes
  10 elephants
  10 fauns
  An orc sorcerer (Orc:1)
  6 manticores
  4 moths of wrath
  11 vault sentinels
  Joseph (D:7)
  5 black mambas
  6 merfolk sirens
  4 demonic crawlers
  3 water nymphs
  12 cane toads
  3 smoke demons
  A torpor snail (shapeshifter) (Vaults:3)
  A gargoyle (D:12)
  An orange demon (D:11)
  4 torpor snails
  10 storm dragon simulacra (IceCv)
  2 kobold demonologists
  6 komodo dragons
  17 yaktaurs
  8 rime drakes
  2 freezing wraiths (Vaults:3)
  An ice devil (D:10)
  7 golden dragon simulacra (IceCv)
  4 ancient zymes
  A wind drake (Shoals:2)
  A red devil (D:10)
  A queen bee (Lair:2)
  24 merfolk
  A hellwing (D:10)
  A wolf spider simulacrum (Spider:3)
  A hornet (D:9)
  3 meliai (D:12)
  30 tarantellas
  A polar bear (Lair:5)
  13 trolls
  17 blink frogs
  Grinder (D:4)
  7 snapping turtles
  8 dream sheep
  21 culicivoras
  Prince Ribbit (D:7)
  33 jumping spiders
  2 spriggans (Lair:5)
  A vampire (D:10)
  2 shadows
  6 wraiths
  14 water elementals
  7 wyverns
  46 yaks
  5 ynoxinuls
  13 basilisks
  5 chaos spawn
  A human (shapeshifter) (Abyss:2)
  5 fire elementals
  62 redbacks
  A redback (shapeshifter) (D:13)
  4 steam dragons
  14 small abominations
  15 vampire mosquitoes
  4 wargs
  13 water moccasins
  3 hell hounds (Spider:2)
  12 orc warriors
  A sky beast (D:7)
  2 ice beasts
  2 black bears
  A boggart (shapeshifter) (Lair:5)
  17 ogres
  18 wolves
  9 centaurs
  A phantom (D:4)
  A lemure (D:6)
  5 kobold brigands
  A gnoll sergeant (D:10)
  5 scorpions
  7 bullfrogs
  3 wights (D:8)
  4 lindwurm simulacra (IceCv)
  29 killer bees
  2 electric eels
  5 howler monkeys
  Crazy Yiuf (D:4)
  5 hounds
  2 quasits (D:11)
  8 orc priests
  2 jellies
  An iron imp (Abyss:2)
  2 starcursed masses (Abyss:2)
  Jessica (D:2)
  Terence (D:3)
  3 iguanas
  Natasha (thrice) (D:4)
  6 orc wizards
  A scorpion zombie (D:4)
  6 hell rats
  A hound skeleton (D:4)
  Robin (D:3)
  3 gnolls (D:11)
  A howler monkey skeleton (D:4)
  6 adders
  A river rat (Lair:2)
  2 shadow imps (D:6)
  2 white imps (D:6)
  5 ufetubi
  A spectral adder (D:4)
  2 adder skeletons (D:4)
  3 worms
  A dart slug (D:1)
  55 orcs
  5 endoplasms
  5 giant cockroaches
  18 goblins
  11 hobgoblins
  4 quokkas
  9 ball pythons
  5 bats
  6 frilled lizards
  18 kobolds
  4 rats
1286 creatures vanquished.

Vanquished Creatures (collateral kills)
  A merfolk impaler (Shoals:3)
  A vault guard (Vaults:4)
  3 centaur warriors (Vaults:2)
  4 two-headed ogres
  A wolf spider (Spider:3)
  A vault sentinel (Vaults:1)
  Maggie (D:7)
  A yaktaur (Vaults:2)
  4 merfolk
  A redback (Spider:1)
  An orc warrior (Orc:2)
  3 ogres (Orc:2)
  A lemure (D:7)
  2 wights (D:8)
  An orc priest (Orc:2)
  An orc wizard (D:9)
  3 orcs
  A goblin (D:9)
  A kobold (D:11)
32 creatures vanquished.

Vanquished Creatures (others)
  A great orb of eyes (Vaults:1)
  2 yaktaurs (Vaults:3)
  A tarantella (Spider:1)
  A culicivora (Spider:4)
  27 dancing weapons
  6 humans (D:12)
  3 redbacks
  3 killer bees (Lair:2)
  An ufetubus (Abyss:2)
  3 demonic plants (D:11)
  37 fungi
  102 plants
  14 withered plants (D:4)
201 creatures vanquished.

Grand Total: 1519 creatures vanquished

Notes
Turn   | Place    | Note
-------+----------+-------------------------------------------
     0 | D:1      | BlueFish the Vampire Enchanter began the quest for the Orb.
     0 | D:1      | Reached XP level 1. HP: 13/13 MP: 3/3
   254 | D:1      | Reached XP level 2. HP: 19/19 MP: 5/5
   284 | D:1      | Learned a level 2 spell: Ensorcelled Hibernation
   479 | D:1      | You fall into a shaft and drop 1 floor!
   664 | D:2      | Gained mutation: You are afflicted with vampirism and can
                  | become a bat while bloodless. [Vampire growth]
   664 | D:2      | Reached XP level 3. HP: 18/25 MP: 3/6
   771 | D:2      | Noticed Jessica
   776 | D:2      | Killed Jessica
   777 | D:2      | Reached skill level 5 in Hexes
   777 | D:2      | Reached XP level 4. HP: 31/31 MP: 2/7
   781 | D:2      | Learned a level 3 spell: Confusing Touch
   886 | D:2      | Reached skill level 1 in Fighting
  1387 | D:3      | Noticed Robin
  1391 | D:3      | Killed Robin
  1392 | D:3      | Reached skill level 1 in Armour
  1404 | D:3      | Reached skill level 5 in Stealth
  1536 | D:3      | Reached XP level 5. HP: 37/37 MP: 3/8
  1679 | D:3      | Noticed Terence
  1684 | D:3      | Killed Terence
  2039 | D:4      | Noticed a phantom
  2052 | D:4      | Killed a phantom
  2053 | D:4      | Reached XP level 6. HP: 44/44 MP: 2/10
  2057 | D:4      | Learned a level 3 spell: Tukima's Dance
  2501 | D:4      | Noticed Natasha
  2508 | D:4      | Killed Natasha
  2580 | D:4      | Identified the +5 dagger of the Hills {pain, Drain rElec
                  | rN+ Str+2}
  2599 | D:4      | Noticed Natasha
  2619 | D:4      | Killed Natasha
  2757 | D:4      | Learned a level 3 spell: Dazzling Flash
  2934 | D:4      | Found Zanuab's General Store.
  2937 | D:4      | Noticed Grinder
  2946 | D:4      | Killed Grinder
  2947 | D:4      | Reached skill level 6 in Stealth
  2947 | D:4      | Reached XP level 7. HP: 50/50 MP: 7/12
  2979 | D:4      | Bought 2 potions of curing for 78 gold pieces
  2979 | D:4      | Bought a scroll of teleportation for 39 gold pieces
  3023 | D:4      | Found a runed translucent door.
  3024 | D:4      | Noticed Crazy Yiuf
  3130 | D:4      | Noticed Natasha
  3136 | D:4      | Killed Natasha
  3234 | D:4      | Killed Crazy Yiuf
  3237 | D:4      | Identified the +4 hammer of Kicugepi {flame, rC+}
  3387 | D:5      | Entered Level 5 of the Dungeon
  3623 | D:5      | Found a staircase to the Ecumenical Temple.
  3631 | D:5      | Reached XP level 8. HP: 57/57 MP: 13/13
  3690 | Temple   | Entered the Ecumenical Temple
  3981 | D:5      | Reached skill level 7 in Stealth
  4318 | D:6      | Found a shimmering blue altar of Sif Muna.
  4981 | D:7      | Noticed Prince Ribbit
  4982 | D:7      | Killed Prince Ribbit
  4983 | D:7      | Reached skill level 5 in Dodging
  5271 | D:7      | Reached skill level 8 in Stealth
  5331 | D:7      | Reached skill level 5 in Short Blades
  5331 | D:7      | Reached XP level 9. HP: 61/65 MP: 12/15
  5337 | D:7      | Learned a level 3 spell: Summon Guardian Golem
  5379 | D:7      | Learned a level 3 spell: Vampiric Draining
  5438 | D:7      | Noticed Joseph
  5440 | D:7      | Noticed Maggie
  5461 | D:7      | Killed Maggie
  5585 | D:7      | Killed Joseph
  5586 | D:7      | Reached skill level 1 in Necromancy
  5586 | D:7      | Reached skill level 1 in Evocations
  5711 | D:7      | Noticed Pikel
  5723 | D:7      | Killed Pikel
  5724 | D:7      | Reached skill level 5 in Spellcasting
  5777 | D:7      | Found an opulent altar of Gozag.
  5777 | D:7      | Found a shadowy altar of Dithmenos.
  5784 | D:7      | Became a worshipper of Dithmenos the Shadowed
  6014 | D:8      | Reached skill level 9 in Stealth
  6127 | D:8      | Reached skill level 1 in Invocations
  6127 | D:8      | Reached XP level 10. HP: 73/73 MP: 17/17
  7096 | D:9      | Reached * piety under Dithmenos
  7124 | D:9      | Reached skill level 5 in Fighting
  7263 | D:9      | Noticed a harpy
  7325 | D:9      | Killed a harpy
  7379 | D:9      | Reached skill level 10 in Stealth
  7774 | D:9      | Found a staircase to the Orcish Mines.
  7824 | D:9      | Reached XP level 11. HP: 36/80 MP: 13/19
  8165 | D:10     | Entered Level 10 of the Dungeon
  8332 | D:10     | Noticed a red ugly thing
  8336 | D:10     | Killed a red ugly thing
  8339 | D:10     | Reached ** piety under Dithmenos
  8341 | D:10     | Reached skill level 5 in Armour
  8403 | D:10     | Noticed a two-headed ogre
  8415 | D:10     | Killed a two-headed ogre
  8635 | D:11     | Noticed a soul eater
  8872 | D:10     | Reached skill level 10 in Hexes
  9162 | D:11     | Noticed a boulder beetle
  9181 | D:11     | Killed a boulder beetle
  9228 | D:11     | Noticed a two-headed ogre
  9245 | D:11     | Killed a two-headed ogre
  9328 | D:11     | Noticed Josephine
  9337 | D:11     | Killed Josephine
  9338 | D:11     | Reached skill level 5 in Necromancy
  9389 | D:11     | Found a staircase to the Lair.
  9481 | D:11     | Reached skill level 11 in Stealth
  9505 | D:11     | Noticed a two-headed ogre
  9596 | D:10     | Noticed a sun demon
  9756 | D:11     | Killed a two-headed ogre
  9936 | D:11     | Noticed a two-headed ogre
  9954 | D:11     | Killed a two-headed ogre
  9955 | D:11     | Reached XP level 12. HP: 78/88 MP: 7/21
 10362 | Lair:1   | Entered Level 1 of the Lair of Beasts
 10551 | Lair:1   | Reached *** piety under Dithmenos
 11708 | Lair:2   | Noticed Nergalle
 11747 | Lair:2   | Noticed a catoblepas
 11749 | Lair:2   | Killed a catoblepas
 11759 | Lair:2   | Found a gate leading to a gauntlet.
 11763 | Lair:2   | Noticed Sonja
 11770 | Lair:2   | Killed Sonja
 11791 | Gauntlet | Entered a Gauntlet
 11791 | Gauntlet | Found a transporter.
 11791 | Gauntlet | Found a transporter.
 11795 | Gauntlet | Found a transporter.
 11795 | Gauntlet | Found a transporter.
 11822 | Gauntlet | Found a transporter.
 11823 | Gauntlet | Found a large runed translucent door.
 11824 | Gauntlet | Found a large runed translucent door.
 11826 | Gauntlet | Found a runed translucent gate.
 11827 | Gauntlet | Found a transporter.
 11827 | Gauntlet | Found a transporter.
 11830 | Gauntlet | Found a transporter.
 11832 | Gauntlet | Noticed an entropy weaver
 11844 | Gauntlet | Found a runed translucent gate.
 11844 | Gauntlet | Found a runed translucent gate.
 11846 | Gauntlet | Found a large runed translucent door.
 11847 | Gauntlet | Found a large runed translucent door.
 11856 | Gauntlet | Found a large runed translucent door.
 11856 | Gauntlet | Found a large runed translucent door.
 11857 | Gauntlet | Found a large runed translucent door.
 11857 | Gauntlet | Found a large runed translucent door.
 11858 | Gauntlet | Found a large runed translucent door.
 11858 | Gauntlet | Found a large runed translucent door.
 11858 | Gauntlet | Found a runed translucent door.
 11858 | Gauntlet | Found a runed translucent door.
 11859 | Gauntlet | Found a large runed translucent door.
 11871 | Gauntlet | Found a transporter.
 11874 | Gauntlet | Found a large runed translucent door.
 11874 | Gauntlet | Found a large runed translucent door.
 11875 | Gauntlet | Found a large runed translucent door.
 11876 | Gauntlet | Found a large runed translucent door.
 11925 | Gauntlet | Found a transporter.
 11941 | Gauntlet | Found a transporter.
 11986 | Gauntlet | Found a transporter.
 12004 | Gauntlet | Found a transporter.
 12018 | Gauntlet | Found a transporter.
 12024 | Gauntlet | Found a large runed translucent door.
 12117 | Gauntlet | Found a transporter.
 12135 | Gauntlet | Found a transporter.
 12290 | Gauntlet | Reached skill level 5 in Evocations
 12444 | Gauntlet | Identified the +0 cloak "Jopirr" {rF+ Regen+ Dex+3}
 12548 | Gauntlet | Identified the ring of Wariness {rPois Str+5 Dex+6 Slay-4}
 12620 | Gauntlet | Identified the +6 hand axe "Vioqaq" {heavy, rPois Int+6
                  | SInv}
 12620 | Gauntlet | Noticed a minotaur
 12634 | Gauntlet | Killed a minotaur
 12635 | Gauntlet | Reached skill level 12 in Stealth
 12693 | Lair:2   | Reached **** piety under Dithmenos
 12765 | Lair:2   | Noticed Gastronok
 12885 | Lair:2   | Reached XP level 13. HP: 95/95 MP: 17/23
 12905 | Lair:2   | Reached skill level 5 in Invocations
 12929 | Lair:2   | Killed Gastronok
 13124 | Lair:2   | Reached ***** piety under Dithmenos
 13332 | Lair:2   | Killed Nergalle
 13709 | Lair:2   | Found a hole to the Spider Nest.
 13774 | Lair:2   | Found a staircase to the Shoals.
 14445 | Lair:3   | Reached skill level 13 in Stealth
 15750 | Lair:4   | Learned a level 5 spell: Agony
 16032 | Lair:4   | Found a runed translucent door.
 16032 | Lair:4   | Found a viscous altar of Jiyva.
 16033 | Lair:4   | Found a staircase to the Slime Pits.
 16245 | Lair:4   | Noticed Rupert
 16248 | Lair:4   | Killed Rupert
 17047 | Lair:5   | Entered Level 5 of the Lair of Beasts
 17076 | Lair:5   | Reached XP level 14. HP: 103/103 MP: 25/25
 17342 | Lair:5   | Identified a scroll of acquirement
 17347 | Lair:5   | Acquired a +0 quick blade of electrocution
 17507 | Lair:5   | Noticed Nessos
 17510 | Lair:5   | Killed Nessos
 17865 | Lair:5   | Reached skill level 14 in Stealth
 19219 | Lair:5   | Learned a level 1 spell: Slow
 19320 | Lair:5   | Reached skill level 10 in Dodging
 19355 | Lair:5   | Reached ****** piety under Dithmenos
 19359 | Lair:5   | Found a corrupted altar of Lugonu.
 19359 | Lair:5   | Found a one-way gate to the infinite horrors of the Abyss.
 19367 | Lair:5   | Identified the +5 helmet of Dogmatism {Str+2}
 19604 | Lair:5   | Reached skill level 10 in Short Blades
 20020 | Orc:1    | Entered Level 1 of the Orcish Mines
 20105 | Orc:1    | Noticed an orc warlord
 20256 | Orc:1    | Killed an orc warlord
 20597 | Orc:2    | Entered Level 2 of the Orcish Mines
 20714 | Orc:2    | Reached skill level 15 in Stealth
 20722 | Orc:2    | Reached XP level 15. HP: 77/110 MP: 12/27
 21002 | Orc:2    | Found Qexaotoy's Armour Shoppe.
 21003 | Orc:2    | Found Uwule's Weapon Shoppe.
 21006 | Orc:2    | Found a staircase to the Elven Halls.
 21070 | Orc:2    | Found Muts's Book Shop.
 21206 | Orc:2    | Found Eseutast's Magic Scroll Emporium.
 21245 | Orc:2    | Bought the Elucidation of Heat and Cadavers for 480 gold
                  | pieces
 21245 | Orc:2    | Bought a book of Dreams for 384 gold pieces
 21250 | Orc:2    | Learned a level 4 spell: Anguish
 21255 | Orc:2    | Learned a level 4 spell: Dispel Undead
 21260 | Orc:2    | Bought a scroll of teleportation for 36 gold pieces
 21260 | Orc:2    | Bought a scroll of blinking for 90 gold pieces
 21260 | Orc:2    | Bought a scroll of teleportation for 36 gold pieces
 21478 | Orc:2    | Bought a +1 pair of boots for 126 gold pieces
 21621 | D:11     | Found a shimmering altar of Xom.
 21727 | D:11     | Found a runed translucent gate.
 21727 | D:11     | Found a runed translucent gate.
 21728 | D:11     | Found a runed translucent gate.
 21730 | D:11     | Noticed Palms's ghost (journeyman OgFE)
 21732 | D:11     | Found a viscous altar of Jiyva.
 22101 | D:12     | Noticed Kirke
 22103 | D:12     | Killed Kirke
 22601 | D:13     | Found a sparkling altar of Nemelex Xobeh.
 22646 | D:13     | Found a gate to the Vaults.
 22684 | D:13     | Reached skill level 16 in Stealth
 22954 | D:13     | Found a portal to a secret trove of treasure.
 23599 | D:14     | Found Qungur's General Store.
 23829 | D:14     | Found a stormy altar of Qazlal.
 23951 | D:15     | Entered Level 15 of the Dungeon
 23951 | D:15     | Found Foif's General Store.
 23955 | D:15     | Bought a +0 pair of gloves of stealth for 161 gold pieces
 23975 | D:15     | Found Virholem's Jewellery Boutique.
 24219 | D:15     | Reached XP level 16. HP: 119/119 MP: 29/29
 24356 | D:15     | Found Yhyuraihe's Armour Shop.
 24405 | D:15     | Found Xiory's Weapon Shoppe.
 24532 | D:15     | Found a staircase to the Depths.
 24917 | Spider:1 | Entered Level 1 of the Spider Nest
 25203 | Spider:1 | Reached skill level 17 in Stealth
 25936 | Spider:2 | Noticed Azrael
 25947 | Spider:2 | Killed Azrael
 26220 | Spider:2 | Identified the +0 dagger of Qazlal, Flying {heavy, rN+
                  | Int+3 Dex-5}
 26366 | Spider:2 | Noticed Agnes
 26368 | Spider:2 | Noticed HilariousDeathArtist's ghost (adept TrEE)
 26368 | Spider:2 | Found a runed translucent door.
 26368 | Spider:2 | Found a shimmering altar of Xom.
 26369 | Spider:2 | Killed Agnes
 27183 | Spider:3 | Found a frozen archway.
 27191 | IceCv    | Entered an ice cave
 27199 | IceCv    | Reached skill level 18 in Stealth
 27240 | IceCv    | Reached skill level 15 in Hexes
 27243 | IceCv    | Reached skill level 10 in Necromancy
 27315 | IceCv    | Noticed a golden dragon
 27572 | IceCv    | Killed a golden dragon
 27648 | IceCv    | Identified the ring "Zieraygo" {rF+ rN+ Str+3 Dex+4}
 27653 | IceCv    | Identified the ring "Wymolothry" {rC+ EV+5 Str+3}
 27654 | IceCv    | Identified the ring "Ecamann" {rElec rC+++ Will- AC+4 SInv}
 27987 | Spider:2 | Reached XP level 17. HP: 88/88 MP: 26/30
 29245 | Spider:3 | Reached skill level 19 in Stealth
 29423 | Spider:4 | Entered Level 4 of the Spider Nest
 30973 | Spider:4 | Reached skill level 20 in Stealth
 31325 | Spider:4 | Got a gossamer rune of Zot
 31564 | Shoals:1 | Entered Level 1 of the Shoals
 31811 | Shoals:1 | Noticed Frances
 31812 | Shoals:1 | Found Cuifalonn's General Store.
 31813 | Shoals:1 | Killed Frances
 32305 | Shoals:2 | Noticed Mlioglotl
 32325 | Shoals:1 | Reached XP level 18. HP: 121/132 MP: 29/31
 33523 | Shoals:3 | Reached skill level 21 in Stealth
 34448 | Shoals:4 | Entered Level 4 of the Shoals
 34580 | Shoals:4 | Noticed Ilsuiw
 35106 | Vaults:1 | Entered Level 1 of the Vaults
 35609 | Vaults:1 | Reached skill level 10 in Evocations
 35774 | Vaults:1 | You are sucked into a shaft and drop 1 floor!
 35823 | Vaults:2 | Identified the amulet "Futul" {Faith Harm Regen+ Str-5}
 35864 | Vaults:2 | Noticed a Brimstone Fiend
 36280 | Vaults:2 | Reached skill level 10 in Invocations
 37249 | Vaults:2 | Reached XP level 19. HP: 51/140 MP: 23/32
 37667 | Vaults:2 | Reached skill level 22 in Stealth
 38107 | Vaults:3 | Found a runed translucent gate.
 38107 | Vaults:3 | Found a runed translucent gate.
 38107 | Vaults:3 | Found a runed translucent gate.
 38107 | Vaults:3 | Found an opulent altar of Gozag.
 38110 | Vaults:3 | Found Faromem's Assorted Antiques.
 38111 | Vaults:3 | Noticed Iluymox's ghost (adept KoBr)
 38146 | Vaults:3 | Found a staircase to the Crypt.
 38201 | Vaults:3 | Noticed Aizul
 38202 | Vaults:3 | Killed Aizul
 38301 | Vaults:3 | Reached skill level 10 in Fighting
 40070 | Vaults:3 | Found Liteq's Book Boutique.
 40078 | Vaults:3 | Bought a book of Beasts for 722 gold pieces
 40078 | Vaults:3 | Bought a book of Hexes for 684 gold pieces
 40083 | Vaults:3 | Learned a level 4 spell: Cause Fear
 40857 | Vaults:4 | Reached XP level 20. HP: 144/147 MP: 33/33
 40973 | Vaults:4 | Paralysed by a great orb of eyes for 4 turns
 40978 | Abyss:2  | Cast into level 2 of the Abyss (a wizard)
 41074 | Abyss:2  | Noticed an ancient lich
 41134 | Abyss:2  | Found a corrupted altar of Lugonu.
 41167 | Abyss:2  | Found a corrupted altar of Lugonu.
 41202 | Abyss:2  | Noticed a bone dragon
 41245 | Abyss:2  | Found a shimmering blue altar of Sif Muna.
 41353 | Abyss:2  | Paralysed by accursed screaming for 2 turns
 41366 | Abyss:2  | Paralysed by accursed screaming for 2 turns
 41493 | Abyss:2  | Noticed a bone dragon
 41558 | Abyss:2  | Killed an ancient lich
 41559 | Abyss:2  | Reached skill level 10 in Spellcasting
 41654 | Abyss:2  | Killed from afar by a lich

Illustrated notes

Levels and vault maps discovered:
D:1:      lightli_arrival_quake, layout_basic, minmay_surrounded
D:2:      layout_rooms, minmay_strange_pillars, uniq_jessica
D:3:      minmay_evil_eye, layout_basic, uniq_terence, uniq_robin
D:4:      nicolae_cairo_tiling_large_dashed, layout_basic, serial_shops,
          shop_fountains, abandoned_shop, minmay_misc_feat_five,
          dilly_guarded_unrand_morg, uniq_crazy_yiuf_cottage, uniq_grinder
D:5:      layout_basic, minmay_temple_entry_glass
D:6:      layout_loops_ring, led_sif_book
D:7:      layout_loops_ring, gammafunk_temple_overflow_claw, grunt_decor_cap,
          uniq_joseph, uniq_pikel, uniq_prince_ribbit1, uniq_maggie
D:8:      layout_loops_cross
D:9:      layout_loops_ring, erik_orc_3, kennysheep_small_square
D:10:     layout_roguey, st_stairs_5
D:11:     layout_irregular_city, grunt_lair_entry_orc_guard_hut, serial_demonic,
          serial_demonic_f, serial_demonic_e, serial_demonic_d,
          serial_demonic_e, serial_demonic_f, gammafunk_ghost_ooze,
          minmay_curled_crystal, tgw_xom, uniq_josephine
D:12:     layout_rooms, minmay_misc_feat_tower, uniq_kirke
D:13:     layout_basic, david_vaults_2, enter_trove_1,
          nemelex_xobeh_ov_fountains_minmay
D:14:     layout_rooms, serial_shops, nicolae_shop_trees, grunt_qazlal_clouds
D:15:     grunt_enter_depths_snipers, layout_basic, serial_shops,
          nicolae_shop_statue_plus, nicolae_shop_bloodbath_and_beyond,
          nicolae_shop_hallway_stairs, nicolae_shop_waterfront,
          corexii_leaking_fountain
Temple:   mainiacjoe_temple_coin_purse
Lair:1:   layout_cave_pods
Lair:2:   hangedman_what_comes_after_a, layout_misc_corridors,
          minmay_shoals_entry_hut, nicolae_spider_entry_tight_spaces,
          gauntlet_entry_generic, nicolae_lair_grazing_beasts
          [nicolae_sub_lair_graze_edge, nicolae_sub_lair_graze_edge,
          nicolae_sub_lair_graze_edge, nicolae_sub_lair_graze_edge], uniq_sonja,
          uniq_nergalle, uniq_gastronok
Lair:3:   layout_layer_cave
Lair:4:   layout_hall_layers, slime_entry_2, nicolae_lair_yak_garden,
          uniq_rupert
Lair:5:   hellmonk_lair_end_abyssal_woods, layout_layer_cave,
          minmay_lair_drake_nest, grunt_megastairs_5, serial_bayou_shore_a,
          uniq_nessos
Shoals:1: layout_shoals, serial_shops, shop, uniq_frances
Shoals:2: layout_shoals, uniq_mlioglotl
Shoals:3: layout_shoals, nicolae_shoals_goliath_grotto
Shoals:4: shoals_end_grunt_ice, layout_shoals, shoals_ilsuiw_ice, serial_shops,
          shop_scrolls
Spider:1: layout_spider_delve
Spider:2: layout_chambers, ebering_ghost_xom, nicolae_spider_rock_and_or_roll,
          uniq_agnes, uniq_azrael
Spider:3: layout_chambers, portal_ice_cave_entry_ice_statue_two,
          nicolae_spider_undead_wolf_pack
Spider:4: grunt_spider_rune_circles, drop_trap, nicolae_spider_world_wide_web
Orc:1:    layout_diamond_mine
Orc:2:    st_orc_open, layout_caves
Vaults:1: nicolae_vaults_little_ls, nicolae_vaults_network_periphery,
          nicolae_vaults_circle_grid_a, vaults_dpeg_encased_lava,
          ontoclasm_vaults_twist, ontoclasm_vaults_gallery, vaults_dpeg_ring,
          v_misc_13, layout_vaults_chaotic_city
Vaults:2: v_pattern_4, ontoclasm_vaults_decontamination,
          nicolae_vaults_rhombus_6, v_alt_pattern_6, hangedman_vaults_trim,
          v_misc_17, hangedman_vaults_maws, v_rooms_5, layout_vaults_omnigrid
Vaults:3: ebering_ghost_gozag, nicolae_vaults_twisting_passages, v_misc_10,
          nicolae_vaults_triangles, minmay_crypt_entry_simple_box,
          ontoclasm_vaults_ring_square, nicolae_vaults_asterisk,
          nicolae_vaults_angled_halls, grunt_vaults_swirl,
          nicolae_vaults_little_squares_1, ontoclasm_vaults_spin,
          ontoclasm_vaults_chip, layout_vaults_ring, serial_shops, shop,
          uniq_aizul
Vaults:4: v_misc_30, nicolae_vaults_disjoint_gnomons, vaults_room_large_hall,
          st_eye, vaults_dpeg_spiral, v_pattern_5,
          ontoclasm_vaults_loading_screen, vaults_room_grunt_arrival_checkpoint,
          ontoclasm_vaults_pinch, ontoclasm_vaults_misaligned,
          ontoclasm_vaults_ligature, layout_vaults_maze_snakey
Abyss:2:  base: D:7, minivault_25_ag, hangedman_abyss_stitches_cave,
          evilmike_abyss_exit_chaos

Skill      XL: |  1  2  3  4  5  6  7  8  9 10 11 12 13 14 15 16 17 18 19 20 |
---------------+-------------------------------------------------------------+-----
Hexes          | 5 6 7 8 9 10 11 12 13 14 15 16 17 19 | 19.2
Fighting       | 1 2 3 4 5 6 7 8 9 10 | 10.4
Short Blades   | 2 3 5 6 7 8 9 10 11 12 13 14 | 14.0
Armour         | 1 2 3 4 5 6 7 8 9 |  9.6
Stealth        | 5 6 8 9 10 11 12 13 15 16 18 20 21 22 | 22.7
Dodging        | 3 4 5 6 7 8 9 10 11 12 13 | 13.0
Spellcasting   | 3 4 5 6 7 8 9 10 | 10.0
Necromancy     | 2 4 5 6 7 8 9 10 11 12 13 | 13.1
Evocations     | 2 3 4 5 6 7 8 9 10 11 | 11.0
Invocations    | 1 2 3 4 6 7 8 9 10 | 10.9

Action                     |  1- 3 |  4- 6 |  7- 9 | 10-12 | 13-15 | 16-18 | 19-21 || total
---------------------------+-------+-------+-------+-------+-------+-------+-------++-------
  Melee: Dagger            |    93 |   202 |   222 |   813 |  1255 |  1501 |   635 ||  4721
         Bite              |    10 |    24 |    22 |   131 |   212 |   249 |   143 ||   791
         Punch             |     1 |     1 |     2 |    12 |    21 |    37 |    15 ||    89
         Quick blade       |       |       |       |       |       |       |    43 ||    43
  Throw: Dart              |       |       |     1 |    14 |    26 |    16 |       ||    57
         Boomerang         |       |       |       |       |       |       |     1 ||     1
   Cast: Ensorcelled Hiber |     2 |    18 |    30 |    24 |    20 |   123 |    15 ||   232
         Confusing Touch   |       |     3 |     4 |    66 |   162 |   160 |   107 ||   502
         Tukima's Dance    |       |       |     7 |    44 |    73 |    63 |    40 ||   227
         Vampiric Draining |       |       |       |     2 |       |     4 |       ||     6
         Summon Guardian G |       |       |       |     2 |     5 |     2 |     1 ||    10
         Dazzling Flash    |       |       |       |     1 |    43 |    34 |    15 ||    93
         Agony             |       |       |       |       |     1 |       |       ||     1
         Slow              |       |       |       |       |     1 |       |       ||     1
         Dispel Undead     |       |       |       |       |    19 |    25 |     5 ||    49
         Anguish           |       |       |       |       |       |     8 |    10 ||    18
 Invoke: Shadow Step       |       |       |       |       |     5 |     4 |     1 ||    10
         Shadow Form       |       |       |       |       |       |     1 |     3 ||     4
Ability: Exsanguinate      |       |       |       |       |       |     2 |       ||     2
         Revivify          |       |       |       |       |       |     2 |       ||     2
  Evoke: Wand              |       |       |       |     1 |     1 |       |     3 ||     5
         Condenser vane    |       |       |       |       |       |     1 |       ||     1
    Use: Scroll            |       |     9 |     1 |    12 |    15 |    10 |     2 ||    49
         Potion            |       |       |       |     5 |       |     3 |     4 ||    12
   Stab: Sleeping          |     6 |    20 |    24 |    35 |    83 |   211 |    34 ||   413
         Confused          |       |     5 |     4 |    34 |   135 |   127 |   115 ||   420
         Distracted        |       |       |       |     1 |     8 |    26 |     7 ||    42
         Invisible         |       |       |       |     2 |    47 |    26 |    10 ||    85
 Armour: Robe              |    20 |    80 |    46 |       |       |       |       ||   146
         Steam dragon scal |       |       |     1 |   184 |   224 |   327 |    96 ||   832
  Dodge: Dodged            |    70 |   128 |   130 |   693 |   982 |  1496 |   493 ||  3992

Table legend: (Time is in decaauts)
 A = Elapsed time spent in this place.
 B = Non-inter-level travel time spent in this place.
 C = Inter-level travel time spent in this place.
 D = Time resting spent in this place.
 E = Time spent auto-exploring this place.
 F = Levels seen in this place.
 G = Mean time per level.
                   A        B        C        D        E       F      G
               +--------+--------+--------+--------+--------+-----+--------+
         Total |  39749 |  37680 |   2069 |    892 |  24690 |  38 | 1046.0 |
       Dungeon |  13499 |  12707 |    792 |    446 |   9132 |  15 |  899.9 |
        Temple |    111 |     97 |     14 |      0 |     84 |   1 |  111.0 |
          Lair |   8513 |   8020 |    493 |    187 |   5599 |   5 | 1702.6 |
        Shoals |   3210 |   2985 |    225 |     89 |   1704 |   4 |  802.5 |
   Spider Nest |   5669 |   5406 |    263 |     53 |   3327 |   4 | 1417.2 |
  Orcish Mines |   1314 |   1232 |     82 |     43 |    770 |   2 |  657.0 |
        Vaults |   5461 |   5263 |    198 |     63 |   3522 |   4 | 1365.2 |
         Abyss |    604 |    604 |      0 |      7 |    223 |   1 |  604.0 |
      Ice Cave |    546 |    546 |      0 |      4 |    131 |   1 |  546.0 |
      Gauntlet |    816 |    816 |      0 |      0 |    197 |   1 |  816.0 |
               +--------+--------+--------+--------+--------+-----+--------+

Top non-repeatable levels by time:
  Lair:5: 2389 daAuts
Vaults:3: 1976 daAuts
  Lair:2: 1844 daAuts
Spider:3: 1751 daAuts
Spider:4: 1698 daAuts
  Lair:4: 1678 daAuts
Shoals:3: 1587 daAuts
     D:4: 1452 daAuts
    D:11: 1447 daAuts
Vaults:2: 1400 daAuts
Spider:2: 1380 daAuts
  Lair:1: 1371 daAuts
Vaults:1: 1360 daAuts
     D:9: 1234 daAuts
  Lair:3: 1229 daAuts
